| TOP OF THE 1ST |
|
Gwinnett Braves batting - Pitching for Syracuse Chiefs : LHP Jake Richards
|
|
Pitching: LHP Jake Richards
|
|
|
Batting: RHB Neal Tinoco
|
0-0: Ball 1-0: Ball 2-0: Called Strike 2-1: Foul Ball, location: 2F 2-2: Fly out, F3 (Popup, 3SF, EV 81.2 MPH)
|
|
Batting: LHB Robby Dann
|
0-0: Called Strike 0-1: Ball 1-1: Fly out, F7 (Flyball, 78M, EV 90.6 MPH)
|
|
Batting: RHB Jake Lang
|
0-0: Called Strike 0-1: Fly out, F9 (Flyball, 89S, EV 81.2 MPH)
|
| Top of the 1st over - 0 runs, 0 hits, 0 errors, 0 left on base; Gwinnett 0 - Syracuse 0 |
| BOTTOM OF THE 1ST |
|
Syracuse Chiefs batting - Pitching for Gwinnett Braves : LHP Eduardo Baez
|
|
Pitching: LHP Eduardo Baez
|
|
|
Batting: RHB Pat Drader
|
0-0: Fly out, F9 (Flyball, 9LM, EV 83.8 MPH)
|
|
Batting: RHB Dusty Ballard
|
0-0: Called Strike 0-1: Ball 1-1: Swinging Strike 1-2: Ball 2-2: Strikes out swinging, 2-3 out at first.
|
|
Batting: LHB Jae-ik Soung
|
0-0: Foul Ball, location: 2F 0-1: Called Strike 0-2: Ball 1-2: Ball 2-2: Foul Ball, location: 2F 2-2: Strikes out swinging
|
| Bottom of the 1st over - 0 runs, 0 hits, 0 errors, 0 left on base; Gwinnett 0 - Syracuse 0 |
| TOP OF THE 2ND |
|
Gwinnett Braves batting - Pitching for Syracuse Chiefs : LHP Jake Richards
|
|
Batting: SHB Tim Rodgers
|
0-0: Swinging Strike 0-1: Called Strike 0-2: Foul Ball, location: 2F 0-2: Ground out 6-3 (Groundball, 6, EV 83.1 MPH)
|
|
Batting: RHB Riley Nasiir
|
0-0: Called Strike 0-1: Swinging Strike 0-2: Ball 1-2: Strikes out swinging
|
|
Batting: LHB Mark Buchholz
|
0-0: Ball 1-0: Ball 2-0: Foul Ball, location: 2F 2-1: Foul Ball, location: 2F 2-2: Ball 3-2: Strikes out swinging
|
| Top of the 2nd over - 0 runs, 0 hits, 0 errors, 0 left on base; Gwinnett 0 - Syracuse 0 |
| BOTTOM OF THE 2ND |
|
Syracuse Chiefs batting - Pitching for Gwinnett Braves : LHP Eduardo Baez
|
|
Batting: RHB Nate Dickinson
|
0-0: Ball 1-0: Called Strike 1-1: Ball 2-1: Ball 3-1: Foul Ball, location: 2F 3-2: Ground out 6-3 (Groundball, 56, EV 90.6 MPH)
|
|
Batting: RHB Ryan Hiemer
|
0-0: Foul Ball, location: 2F 0-1: Ball 1-1: Ball 2-1: Swinging Strike 2-2: SINGLE (Groundball, 6MD, EV 108.1 MPH)
|
|
Batting: LHB Dillon Gonzalez
|
0-0: Swinging Strike 0-1: Swinging Strike 0-2: Ball 1-2: Ball 2-2: Ball 3-2: Base on Balls Ryan Hiemer to second
|
|
Batting: RHB Niek de Haan
|
0-0: Ball 1-0: Ball 2-0: Called Strike 2-1: Ball 3-1: Called Strike 3-2: Foul Ball, location: 2F 3-2: Fielders Choice at 2nd, 6-4 (Groundball, 6, EV 86.9 MPH) Ryan Hiemer to third
|
|
Batting: RHB Jon Buscher
|
0-0: Called Strike 0-1: Ball 1-1: Fly out, F9 (Flyball, 9, EV 81.9 MPH)
|
| Bottom of the 2nd over - 0 runs, 1 hit, 0 errors, 2 left on base; Gwinnett 0 - Syracuse 0 |
| TOP OF THE 3RD |
|
Gwinnett Braves batting - Pitching for Syracuse Chiefs : LHP Jake Richards
|
|
Batting: RHB Corey Dalton
|
0-0: Ball 1-0: Ball 2-0: Ground out 5-3 (Groundball, 25, EV 88.8 MPH)
|
|
Batting: RHB Johnny Burroughs
|
0-0: Foul Ball, location: 2F 0-1: Swinging Strike 0-2: Foul Ball, location: 2F 0-2: Ball 1-2: Ball 2-2: Strikes out swinging
|
|
Batting: SHB Eric Reeser
|
0-0: Foul Ball, location: 2F 0-1: Foul Ball, location: 2F 0-2: Foul Ball, location: 2F 0-2: Ball 1-2: Strikes out swinging
|
| Top of the 3rd over - 0 runs, 0 hits, 0 errors, 0 left on base; Gwinnett 0 - Syracuse 0 |
| BOTTOM OF THE 3RD |
|
Syracuse Chiefs batting - Pitching for Gwinnett Braves : LHP Eduardo Baez
|
|
Batting: RHB Ke-yue Hong
|
0-0: Ball 1-0: Ball 2-0: Called Strike 2-1: Foul Ball, location: 2F 2-2: Foul Ball, location: 2F 2-2: Reached on error, E4 (Groundball, 4S, EV 85.0 MPH)
|
|
Batting: RHB Pat Drader
|
0-0: Called Strike 0-1: Ball 1-1: Ball 2-1: Foul Ball, location: 2F 2-2: Foul Ball, location: 2F 2-2: Ball 3-2: Strikes out looking
|
|
Batting: RHB Dusty Ballard
|
0-0: Called Strike 0-1: Ball 1-1: Ball 2-1: Called Strike 2-2: Ball 3-2: Foul Ball, location: 2F 3-2: Strikes out swinging
|
|
Batting: LHB Jae-ik Soung
|
0-0: Ball 1-0: Foul Ball, location: 2F 1-1: Ball 2-1: Ground out 6-3 (Groundball, P, EV 88.8 MPH)
|
| Bottom of the 3rd over - 0 runs, 0 hits, 1 error, 1 left on base; Gwinnett 0 - Syracuse 0 |
| TOP OF THE 4TH |
|
Gwinnett Braves batting - Pitching for Syracuse Chiefs : LHP Jake Richards
|
|
Batting: RHB Neal Tinoco
|
0-0: Foul Ball, location: 2F 0-1: Called Strike 0-2: Hit by Pitch
|
|
Batting: LHB Robby Dann
|
0-0: Ball 1-0: Foul Ball, location: 2F 1-1: Called Strike Neal Tinoco steals 2nd base 1-2: Foul Ball, location: 2F 1-2: Strikes out looking
|
|
Batting: RHB Jake Lang
|
0-0: Ball 1-0: SINGLE (Groundball, 6MD, EV 101.9 MPH) Neal Tinoco to third Runner from 3rd tries for Home, SAFE, throw by CF to home
|
|
Batting: SHB Tim Rodgers
|
0-0: Called Strike 0-1: Foul Ball, location: 2F 0-2: Strikes out swinging
|
|
Batting: RHB Riley Nasiir
|
0-0: Swinging Strike 0-1: Swinging Strike 0-2: Strikes out swinging
|
| Top of the 4th over - 1 run, 1 hit, 0 errors, 1 left on base; Gwinnett 1 - Syracuse 0 |
| BOTTOM OF THE 4TH |
|
Syracuse Chiefs batting - Pitching for Gwinnett Braves : LHP Eduardo Baez
|
|
Batting: RHB Nate Dickinson
|
0-0: Ball 1-0: Foul Ball, location: 2F 1-1: Ball 2-1: Ball 3-1: Base on Balls
|
|
Batting: RHB Ryan Hiemer
|
0-0: Called Strike Nate Dickinson steals 2nd base (no throw) 0-1: Ball 1-1: DOUBLE (Line Drive, 78D, EV 102.5 MPH) Nate Dickinson scores
|
|
Batting: LHB Dillon Gonzalez
|
0-0: Called Strike 0-1: Called Strike 0-2: Ball 1-2: Ball 2-2: Foul Ball, location: 2F 2-2: Foul Ball, location: 2F 2-2: Strikes out swinging
|
|
Batting: RHB Niek de Haan
|
0-0: Called Strike 0-1: SINGLE (Groundball, 4MS, EV 71.9 MPH) (infield hit) Ryan Hiemer to third
|
|
Batting: RHB Jon Buscher
|
0-0: Ball 1-0: Called Strike 1-1: Swinging Strike 1-2: Foul Ball, location: 2F 1-2: Foul Ball, location: 2F 1-2: Foul Ball, location: 2F 1-2: Strikes out swinging
|
|
Batting: RHB Ke-yue Hong
|
0-0: Ball 1-0: Reached via error on a dropped throw from 3B, E4 (Groundball, 56, EV 92.5 MPH) Ryan Hiemer scores Niek de Haan to second
|
|
Batting: RHB Pat Drader
|
0-0: Called Strike 0-1: Fielders Choice at 2nd, 5-4 (Groundball, 56, EV 108.1 MPH)
|
| Bottom of the 4th over - 2 runs, 2 hits, 1 error, 2 left on base; Gwinnett 1 - Syracuse 2 |
| TOP OF THE 5TH |
|
Gwinnett Braves batting - Pitching for Syracuse Chiefs : LHP Jake Richards
|
|
Batting: LHB Mark Buchholz
|
0-0: Fly out, F8 (Flyball, 8RXD, EV 103.8 MPH)
|
|
Batting: RHB Corey Dalton
|
0-0: SINGLE (Groundball, 6M, EV 83.8 MPH) (infield hit)
|
|
Batting: RHB Johnny Burroughs
|
0-0: Ball 1-0: Called Strike 1-1: Grounds into double play, 5-4-3 (Groundball, 5, EV 95.6 MPH)
|
| Top of the 5th over - 0 runs, 1 hit, 0 errors, 0 left on base; Gwinnett 1 - Syracuse 2 |
| BOTTOM OF THE 5TH |
|
Syracuse Chiefs batting - Pitching for Gwinnett Braves : LHP Eduardo Baez
|
|
Batting: RHB Dusty Ballard
|
0-0: Ball 1-0: SINGLE (Line Drive, 8RS, EV 103.1 MPH)
|
|
Batting: LHB Jae-ik Soung
|
0-0: Ball 1-0: Called Strike Dusty Ballard is caught stealing 2nd base 2-6 1-1: Foul Ball, location: 2F 1-2: Foul Ball, location: 2F 1-2: Ball 2-2: DOUBLE (Line Drive, 5D, EV 100.6 MPH)
|
|
Batting: RHB Nate Dickinson
|
0-0: Foul Ball, location: 2F 0-1: Foul Ball, location: 2F 0-2: Ball 1-2: 2-RUN HOME RUN (Flyball, 7D, EV 95.6 MPH), Distance : 362 ft
|
|
Batting: RHB Ryan Hiemer
|
0-0: Ball 1-0: Ball 2-0: Foul Ball, location: 2F 2-1: Foul Ball, location: 2F 2-2: Foul Ball, location: 2F 2-2: Foul Ball, location: 2F 2-2: Foul Ball, location: 2F 2-2: Foul Ball, location: 2F 2-2: Foul Ball, location: 2F 2-2: Ball 3-2: Foul Ball, location: 2F 3-2: Base on Balls
|
|
Pitching: RHP Pat St. John
|
|
|
Batting: LHB Dillon Gonzalez
|
0-0: Ball 1-0: Ball 2-0: Swinging Strike 2-1: Ball 3-1: Base on Balls Ryan Hiemer to second
|
|
Batting: RHB Niek de Haan
|
0-0: Ball 1-0: Foul Ball, location: 2F 1-1: Swinging Strike 1-2: Ball 2-2: Foul Ball, location: 2F 2-2: Ball 3-2: Strikes out swinging
|
|
Batting: RHB Jon Buscher
|
0-0: Reached on error, E2 (Groundball, 2L, EV 61.9 MPH) Ryan Hiemer scores Dillon Gonzalez to third
|
|
Batting: RHB Ke-yue Hong
|
0-0: Called Strike 0-1: Ball 1-1: Ball 2-1: Foul Ball, location: 2F 2-2: Foul Ball, location: 2F 2-2: Ball 3-2: Base on Balls
|
|
Batting: RHB Pat Drader
|
0-0: Ball 1-0: Called Strike 1-1: Ball 2-1: Ground out 4-3 (Groundball, 4, EV 86.2 MPH)
|
| Bottom of the 5th over - 3 runs, 3 hits, 1 error, 3 left on base; Gwinnett 1 - Syracuse 5 |
| TOP OF THE 6TH |
|
Gwinnett Braves batting - Pitching for Syracuse Chiefs : LHP Jake Richards
|
|
Batting: SHB Eric Reeser
|
0-0: Called Strike 0-1: Ball 1-1: Ball 2-1: Ball 3-1: Foul Ball, location: 2F 3-2: Ground out 4-3 (Groundball, 4, EV 108.1 MPH)
|
|
Batting: RHB Neal Tinoco
|
0-0: Called Strike 0-1: Ball 1-1: Foul Ball, location: 2F 1-2: Strikes out looking
|
|
Batting: LHB Robby Dann
|
0-0: Ball 1-0: Ball 2-0: Ball 3-0: Called Strike 3-1: Fly out, F5 (Popup, 56S, EV 86.2 MPH)
|
| Top of the 6th over - 0 runs, 0 hits, 0 errors, 0 left on base; Gwinnett 1 - Syracuse 5 |
| BOTTOM OF THE 6TH |
|
Syracuse Chiefs batting - Pitching for Gwinnett Braves : RHP Pat St. John
|
|
Batting: RHB Dusty Ballard
|
0-0: Called Strike 0-1: Ball 1-1: Ball 2-1: SINGLE (Groundball, 5S, EV 67.5 MPH) (infield hit)
|
|
Batting: LHB Jae-ik Soung
|
0-0: Swinging Strike 0-1: Ball 1-1: DOUBLE (Line Drive, 7LM, EV 100.6 MPH) Dusty Ballard to third
|
|
Batting: RHB Nate Dickinson
|
0-0: Ball 1-0: Ball 2-0: DOUBLE (Line Drive, 78D, EV 88.8 MPH) Dusty Ballard scores Jae-ik Soung scores
|
|
Pitching: LHP Pete McAllister
|
|
|
Batting: RHB Ryan Hiemer
|
0-0: Foul Ball, location: 2F 0-1: Ball 1-1: Swinging Strike 1-2: Ball 2-2: Ground out 5-3 (Groundball, 56, EV 87.5 MPH)
|
|
Batting: LHB Dillon Gonzalez
|
0-0: Ball 1-0: Ball 2-0: Ball 3-0: Called Strike 3-1: Fly out, F8 (Flyball, 8LM, EV 85.0 MPH)
|
|
Batting: RHB Niek de Haan
|
0-0: Foul Ball, location: 2F 0-1: Foul Ball, location: 2F 0-2: Ball 1-2: Strikes out swinging
|
| Bottom of the 6th over - 2 runs, 3 hits, 0 errors, 1 left on base; Gwinnett 1 - Syracuse 7 |
| TOP OF THE 7TH |
|
Gwinnett Braves batting - Pitching for Syracuse Chiefs : LHP Jake Richards
|
|
Batting: RHB Jake Lang
|
0-0: Ball 1-0: Ball 2-0: Ball 3-0: Called Strike 3-1: Base on Balls
|
|
Pitching: LHP Jose Torres
|
|
|
Batting: SHB Tim Rodgers
|
0-0: Ball 1-0: Called Strike 1-1: Ball 2-1: Swinging Strike 2-2: Strikes out swinging
|
|
Batting: RHB Riley Nasiir
|
0-0: Called Strike 0-1: Swinging Strike 0-2: Foul Ball, location: 2F 0-2: Foul Ball, location: 2F 0-2: Ball Wild Pitch! Jake Lang to second 1-2: Strikes out swinging
|
|
Batting: LHB Mark Buchholz
|
0-0: Ball 1-0: Called Strike 1-1: Foul Ball, location: 2F 1-2: Foul Ball, location: 2F 1-2: Strikes out swinging
|
| Top of the 7th over - 0 runs, 0 hits, 0 errors, 1 left on base; Gwinnett 1 - Syracuse 7 |
| BOTTOM OF THE 7TH |
|
Syracuse Chiefs batting - Pitching for Gwinnett Braves : LHP Pete McAllister
|
|
Batting: RHB Jon Buscher
|
0-0: Ball 1-0: Ball 2-0: SINGLE (Groundball, 56D, EV 95.0 MPH)
|
|
Batting: RHB Ke-yue Hong
|
0-0: Called Strike 0-1: Ball 1-1: Foul Ball, location: 2F 1-2: Fly out, F9 (Flyball, 9, EV 90.0 MPH)
|
|
Batting: RHB Pat Drader
|
0-0: Ball 1-0: Swinging Strike 1-1: Ball 2-1: Reached on error, E4 (Groundball, 4, EV 103.1 MPH) Jon Buscher to second
|
|
Batting: RHB Dusty Ballard
|
0-0: SINGLE (Flyball, 6MD, EV 92.5 MPH) Jon Buscher to third Pat Drader to second
|
|
Batting: LHB Jae-ik Soung
|
0-0: Foul Ball, location: 2F 0-1: Swinging Strike 0-2: Foul Ball, location: 2F 0-2: Fly out, F7 (Flyball, 7, EV 95.0 MPH)
|
|
Batting: RHB Nate Dickinson
|
0-0: Called Strike 0-1: Ball 1-1: Fielders Choice at 2nd, U6 (Groundball, 6M, EV 81.2 MPH)
|
| Bottom of the 7th over - 0 runs, 2 hits, 1 error, 3 left on base; Gwinnett 1 - Syracuse 7 |
| TOP OF THE 8TH |
|
Gwinnett Braves batting - Pitching for Syracuse Chiefs : LHP Jose Torres
|
|
Batting: RHB Corey Dalton
|
0-0: Fly out, F9 (Flyball, 9, EV 89.4 MPH)
|
|
Batting: RHB Johnny Burroughs
|
0-0: Called Strike 0-1: Called Strike 0-2: Ball 1-2: Strikes out looking
|
|
Batting: SHB Eric Reeser
|
0-0: Called Strike 0-1: Foul Ball, location: 2F 0-2: Strikes out looking
|
| Top of the 8th over - 0 runs, 0 hits, 0 errors, 0 left on base; Gwinnett 1 - Syracuse 7 |
| BOTTOM OF THE 8TH |
|
Syracuse Chiefs batting - Pitching for Gwinnett Braves : LHP Pete McAllister
|
|
Batting: RHB Ryan Hiemer
|
0-0: SINGLE (Groundball, 6MD, EV 93.8 MPH)
|
|
Pitching: RHP Scott Bentley
|
|
|
Batting: LHB Dillon Gonzalez
|
0-0: Called Strike Ryan Hiemer is caught stealing 2nd base 2-6 0-1: Foul Ball, location: 2F 0-2: Ball 1-2: Strikes out swinging
|
|
Batting: RHB Niek de Haan
|
0-0: Ball 1-0: SINGLE (Line Drive, 4MD, EV 98.1 MPH)
|
|
Batting: RHB Jon Buscher
|
0-0: Called Strike 0-1: Ball 1-1: Swinging Strike 1-2: Ball Wild Pitch! Niek de Haan to second 2-2: Foul Ball, location: 2F 2-2: Fly out, F9 (Line Drive, 9, EV 87.5 MPH)
|
| Bottom of the 8th over - 0 runs, 2 hits, 0 errors, 1 left on base; Gwinnett 1 - Syracuse 7 |
| TOP OF THE 9TH |
|
Gwinnett Braves batting - Pitching for Syracuse Chiefs : LHP Jose Torres
|
|
Batting: RHB Neal Tinoco
|
0-0: Ball 1-0: SINGLE (Line Drive, 89S, EV 108.1 MPH)
|
|
Pinch Hitting: RHB Chris Sharpe
|
0-0: Foul Ball, location: 2F 0-1: Ball 1-1: Swinging Strike 1-2: Fielders Choice at 2nd, 3-6 (Groundball, 34, EV 101.9 MPH)
|
|
Batting: RHB Jake Lang
|
0-0: Foul Ball, location: 2F 0-1: Swinging Strike 0-2: Ball 1-2: Foul Ball, location: 2F 1-2: Foul Ball, location: 2F 1-2: Ball 2-2: Ball 3-2: Foul Ball, location: 2F 3-2: Strikes out swinging Chris Sharpe is caught stealing 2nd base 2-4 Batter strikes out.
|
| Top of the 9th over - 0 runs, 1 hit, 0 errors, 0 left on base; Gwinnett 1 - Syracuse 7 |
|